 Dungeon Crawl Stone Soup version 0.17-a0-2069-g0f4ee5b (webtiles) character file.

3640 pk666 the Fighter (level 9, -7/91 HPs)
             Began as a Minotaur Fighter on Oct 13, 2015.
             Was a Believer of Okawaru.
             Mangled by a nine-headed hydra (8 damage)
             ... on level 7 of the Dungeon.
             The game lasted 00:21:09 (7348 turns).

pk666 the Fighter (Minotaur Fighter)                Turns: 7348, Time: 00:21:09

Health: -7/91      AC: 12    Str: 24    XL:     9   Next: 87%
Magic:  17/17      EV:  4    Int:  5    God:    Okawaru [**....]
Gold:   399        SH:  9    Dex: 10    Spells: 0 memorised, 8 levels left

rFire  . . .     SeeInvis .     a - +0 war axe
rCold  . . .     Clarity  .     y - +0 plate armour
rNeg   . . .     SustAt   .     c - +0 shield
rPois  +         Gourm    .     (helmet restricted)
rElec  .         Spirit   .     F - +0 cloak
rCorr  .         Warding  .     (no gloves)
rMut   .         Stasis   .     (no boots)
MR     .....                    (no amulet)
Stlth  ..........               (no ring)
                                w - ring "Rood" {rPois MP+9}

@: not resistant to hostile enchantments, extremely unstealthy
A: retaliatory headbutt, horns 2
a: Heroism, Renounce Religion


You were on level 7 of the Dungeon.
You worshipped Okawaru.
Okawaru was pleased with you.
You were not hungry.

You visited 2 branches of the dungeon, and saw 9 of its levels.

You collected 399 gold pieces.

Inventory:

Hand Weapons
 a - a +0 war axe (weapon)
Armour
 b - a +0 scale mail
 c - a +0 shield (worn)
 y - a +0 plate armour (worn)
 F - a +0 cloak (worn)
Jewellery
 w - the ring "Rood" (left hand) {rPois MP+9}
   (You found it on level 5 of the Dungeon)

   [ring of magical power]

   It protects you from poison.
   It affects your magic capacity (+9).
Wands
 D - a wand of disintegration (15)
 E - a wand of fireball (5)
 I - a wand of heal wounds (0)
Scrolls
 e - 5 scrolls of identify
 f - a scroll of random uselessness
 h - a scroll of magic mapping
 m - 2 scrolls of enchant armour {unknown}
 n - 3 scrolls of remove curse
 o - a scroll of amnesia {unknown}
 p - a scroll of fear {unknown}
 q - 2 scrolls of blinking {unknown}
 A - a scroll of teleportation {unknown}
 C - a scroll of recharging {unknown}
 G - a scroll of noise {unknown}
Potions
 d - a potion of might
 g - a potion of resistance {unknown}
 i - 3 potions of invisibility {unknown}
 j - 4 potions of haste
 k - 2 potions of heal wounds {unknown}
 l - 2 potions of brilliance {unknown}
 r - a potion of mutation {unknown}
 t - 2 potions of curing {unknown}
 u - a potion of cancellation {unknown}
 B - 2 potions of berserk rage {unknown}
Comestibles
 s - 2 beef jerkies
 v - 2 meat rations
 x - 7 bread rations
 z - 5 fruits
 H - a royal jelly


   Skills:
 + Level 12.3 Fighting
 + Level 11.8 Axes
 - Level 3.6 Armour
 - Level 3.6 Shields


You had 8 spell levels left.
You didn't know any spells.

Dungeon Overview and Level Annotations

Branches:
Dungeon (8/15)             Temple (1/1) D:6
   Lair: D:8-11

Altars:
Ashenzari
Cheibriados
Dithmenos
Elyvilon
Fedhas
Gozag
Kikubaaqudgha
Makhleb
Nemelex Xobeh
Okawaru
Qazlal
Ru
Sif Muna
Trog
Vehumet
Xom
Yredelemnul
Zin

Shops:
D:4 [   D:5 =


Innate Abilities, Weirdness & Mutations

You reflexively headbutt those who attack you in melee.
You have a pair of horns on your head.


Message History

Evoking this partially-identified wand wasted a few charges.
You block the nine-headed hydra's attack. x2
The nine-headed hydra completely misses you.
The nine-headed hydra bites you!
* * * LOW HITPOINT WARNING * * *
The nine-headed hydra bites you!
* * * LOW HITPOINT WARNING * * *
The nine-headed hydra bites you but does no damage.
You block the nine-headed hydra's attack.
The nine-headed hydra bites you.
* * * LOW HITPOINT WARNING * * *
The nine-headed hydra bites you.
* * * LOW HITPOINT WARNING * * *
Evoke which item? (* to show all) (? for menu, Esc to quit)
Zapping:
I - a wand of heal wounds {zapped: 2} (will waste charges)
Press: ? - help, Shift-Dir - straight line, f - you Nothing appears to happen.
The nine-headed hydra barely misses you.
The nine-headed hydra bites you!
You die...

#.#####.#.#.....
##...###..###..##
#.....##.#.#.#.#
##.....#........#
#......<#########
#.......#
#..#.#..#######
#..#.#..#....<#
#@.#.#..#.....####
#D.#.#..#.......##
#.......#.....#.#.
#.#######.....#.##
#.# #######.## #.#
#.# ###.####
########.# #......#
#......#.##
#.#.##.###.#........


You could see a nine-headed hydra.

Vanquished Creatures
  Grinder (D:5)
  A spriggan (D:7)
  A hippogriff (D:7)
  A water moccasin (D:7)
  An ice beast (D:7)
  Duvessa (D:7)
  3 ogres
  An orc warrior (D:8)
  A wasp (D:8)
  A phantom (D:8)
  A sky beast (D:8)
  A necrophage (D:7)
  4 centaurs
  A wyvern zombie (D:6)
  6 giant frogs
  A big kobold (D:8)
  Dowan (D:7)
  A scorpion (D:7)
  3 wights (D:6)
  6 crimson imps
  A quasit (D:6)
  4 iguanas
  A centaur skeleton (D:4)
  A jelly (D:5)
  Crazy Yiuf (D:7)
  2 orc priests
  4 hounds
  A giant frog skeleton (D:4)
  4 orc wizards
  2 worker ants
  A hound zombie (D:7)
  A hound skeleton (D:5)
  Robin (D:2)
  11 adders
  4 gnolls (D:7)
  2 shadow imps
  2 oozes (D:4)
  2 worms
  8 giant geckos
  22 orcs
  8 bats
  8 giant cockroaches
  13 hobgoblins
  12 kobolds
  4 quokkas
  4 ball pythons
  A giant gecko zombie (D:6)
  7 giant newts
  17 goblins
  11 jackals
  A jackal zombie (D:6)
  3 rats
  A fungus (D:7)
202 creatures vanquished.

Notes
Turn   | Place    | Note
--------------------------------------------------------------
     0 | D:1      | pk666 the Minotaur Fighter began the quest for the Orb.
     0 | D:1      | Reached XP level 1. HP: 19/19 MP: 0/0
    41 | D:1      | Reached skill level 4 in Fighting
    73 | D:1      | Reached XP level 2. HP: 25/27 MP: 1/1
   508 | D:1      | Reached XP level 3. HP: 31/34 MP: 2/2
   945 | D:2      | Reached skill level 5 in Fighting
  1256 | D:2      | Noticed Robin
  1285 | D:2      | Killed Robin
  1285 | D:2      | Reached XP level 4. HP: 26/42 MP: 3/3
  2170 | D:3      | Reached XP level 5. HP: 42/50 MP: 4/4
  2597 | D:3      | Reached skill level 6 in Fighting
  2708 | D:2      | Found a deep blue altar of Sif Muna.
  2842 | D:4      | Reached skill level 5 in Axes
  2881 | D:4      | Noticed an ogre
  2889 | D:4      | Killed an ogre
  2889 | D:4      | Reached XP level 6. HP: 21/58 MP: 5/5
  3118 | D:4      | Reached skill level 7 in Fighting
  3381 | D:4      | Noticed an ogre
  3386 | D:4      | Killed an ogre
  3503 | D:4      | Found Reifaf's Armour Boutique.
  3521 | D:4      | Reached XP level 7. HP: 63/66 MP: 6/6
  3664 | D:5      | Entered Level 5 of the Dungeon
  3706 | D:5      | Got a transparent lead ring
  3707 | D:5      | Identified the ring "Rood" {rPois MP+9} (You found it on level 5 of the Dungeon)
  3724 | D:5      | Noticed Grinder
  3731 | D:5      | Paralysed by Grinder for 6 turns
  3747 | D:5      | Killed Grinder
  3747 | D:5      | Reached skill level 8 in Fighting
  4038 | D:5      | Found Juaddugoxt's Jewellery Shop.
  4307 | D:6      | Reached XP level 8. HP: 73/77 MP: 7/7
  4312 | D:6      | Reached skill level 9 in Fighting
  4409 | D:6      | Found a sacrificial altar of Ru.
  4621 | D:6      | Found a staircase to the Ecumenical Temple.
  4634 | D:6      | Reached skill level 10 in Fighting
  4658 | Temple   | Entered the Ecumenical Temple
  4759 | Temple   | Became a worshipper of Warmaster Okawaru
  5133 | D:7      | Reached skill level 10 in Axes
  5287 | D:7      | Reached XP level 9. HP: 79/86 MP: 8/8
  5435 | D:7      | Reached * piety under Okawaru
  5435 | D:7      | Reached skill level 11 in Fighting
  5701 | D:7      | Noticed Dowan
  5702 | D:7      | Noticed Duvessa
  5720 | D:7      | Killed Dowan
  5744 | D:7      | Killed Duvessa
  6262 | D:7      | Noticed Crazy Yiuf
  6267 | D:7      | Killed Crazy Yiuf
  6517 | D:8      | Reached ** piety under Okawaru
  6727 | D:8      | Reached skill level 12 in Fighting
  7227 | D:8      | Noticed a seven-headed hydra
  7347 | D:7      | HP: 3/91 [nine-headed hydra (6)]
  7347 | D:7      | HP: 1/91 [nine-headed hydra (2)]
  7348 | D:7      | Mangled by a nine-headed hydra

Vault maps used:
D:1:      tarquinn_simple_flora_water_f, hangedman_decor_slide_cut,
          nrook_loot_triangle
D:2:      lemuel_upstairs_altar, uniq_robin
D:4:      serial_shops, shop, first_bread
D:5:      serial_shops, shop_fountains, uniq_grinder
D:6:      minmay_temple_entry_glass, serial_glass, glass_columns_a,
          glass_columns_a, nicolae_ru_great_annihilating_truth
D:7:      the_bakery, uniq_crazy_yiuf_cottage, uniq_duvessa
Temple:   kilobyte_greek_temple_18

Action                   |  1- 3 |  4- 6 |  7- 9 || total
-------------------------+-------+-------+-------++-------
Melee: War axe           |   122 |   151 |   339 ||   612
Evoke: Wand              |       |       |     2 ||     2
  Use: Scroll            |       |       |     4 ||     4
  Eat: Chunk             |     1 |     8 |    12 ||    21
